 Dungeon Crawl Stone Soup version 0.19-a0-1170-g18f0c96 (webtiles) character file.

38 DerBasler the Slasher (level 3, -11/24 HPs)
             Began as a High Elf Skald on Aug 17, 2016.
             Mangled by Sigmund
             ... wielding a +0 scythe
              (14 damage)
             ... on level 2 of the Dungeon.
             The game lasted 00:02:47 (830 turns).

DerBasler the Slasher (High Elf Skald)               Turns: 830, Time: 00:02:47

Health: -11/24     AC:  4    Str: 11    XL:     3   Next: 25%
Magic:  1/7        EV: 11    Int: 16    God:
Gold:   81         SH:  0    Dex: 15    Spells: 3 memorised, 1 level left

rFire  . . .     SeeInvis .     a - +1 falchion
rCold  . . .     Gourm    .     b - +1 leather armour
rNeg   . . .     Faith    .     (no shield)
rPois  .         Spirit   .     (no helmet)
rElec  .         Dismiss  .     (no cloak)
rCorr  .         Reflect  .     (no gloves)
MR     .....     Harm     .     (no boots)
Stlth  +.........               (no amulet)
                                (no ring)
                                (no ring)

@: infused (expiring), singing (expiring)
A: no striking features
a: Stop Singing


You were on level 2 of the Dungeon.
You were not hungry.

You visited 1 branch of the dungeon, and saw 2 of its levels.

You collected 81 gold pieces.

Inventory:

Hand Weapons
 a - a +1 falchion (weapon)
Armour
 b - a +1 leather armour (worn)
Scrolls
 e - a scroll of remove curse
Potions
 h - a potion of degeneration {unknown}
 i - a potion of curing {unknown}
Books
 c - a book of Battle

   Spells                             Type                      Level
   a - Infusion                       Charms                       1
   b - Shroud of Golubria             Charms/Translocation         2
   c - Song of Slaying                Charms                       2
   d - Spectral Weapon                Hexes/Charms                 3
   e - Regeneration                   Charms/Necromancy            3
Comestibles
 d - a bread ration
 g - 2 meat rations


   Skills:
 - Level 2.0 Fighting
 + Level 4.5 Long Blades
 - Level 0.8 Armour
 - Level 1.1 Dodging
 - Level 2.4 Spellcasting
 - Level 3.6 Charms


You had one spell level left.
You knew the following spells:

 Your Spells              Type           Power        Failure   Level  Hunger
a - Infusion              Chrm           ##..         8%          1    #......
b - Shroud of Golubria    Chrm/Tloc      #.........   21%         2    ###....
c - Song of Slaying       Chrm           ##......     12%         2    ###....


Dungeon Overview and Level Annotations

Branches:
Dungeon (2/15)

Altars:
Xom

Annotations:
D:2 Sigmund


Message History

A puff of flame appears from out of thin air!
The puff of flame hits you!
Unknown command.
Something hits you.
You hit something.
Your song is almost over.
Something hits you but does no damage.
You hit something!
You hear a zap.
Something tries to affect you, but you resist.
You barely miss something. Something hits you!
* * * LOW HITPOINT WARNING * * *
You barely miss something. You miss something.
Your magical infusion is running out.
Something hits you.
* * * LOW HITPOINT WARNING * * *
You hit something. Something hits you!
Ouch! That really hurt!
You die...

... # #. #.# .#
#.###.##.
.......
#.##..##
#####.#...<####
..............+
###......####
#..@...#
#..{..##
#..##.# #.. ..#
##. ### #. #.
#.


There were no monsters in sight!

Vanquished Creatures
  An ooze (D:1)
  9 bats
  A giant cockroach (D:1)
  8 goblins (D:1)
  2 hobgoblins (D:1)
  2 jackals (D:1)
  2 kobolds (D:1)
  2 giant newts (D:1)
  A rat (D:1)
28 creatures vanquished.

Notes
Turn   | Place    | Note
-------+----------+-------------------------------------------
     0 | D:1      | DerBasler the High Elf Skald began the quest for the Orb.
     0 | D:1      | Reached XP level 1. HP: 14/14 MP: 4/4
    30 | D:1      | Reached skill level 3 in Long Blades
    48 | D:1      | Reached XP level 2. HP: 12/19 MP: 0/6
   112 | D:1      | Learned a level 2 spell: Shroud of Golubria
   115 | D:1      | Learned a level 2 spell: Song of Slaying
   323 | D:1      | Found a shimmering altar of Xom.
   359 | D:1      | Reached skill level 4 in Long Blades
   509 | D:1      | Reached XP level 3. HP: 17/24 MP: 7/7
   802 | D:2      | Noticed Sigmund
   830 | D:2      | Mangled by Sigmund

Vault maps used:
D:1:      tarquinn_simple_flora_water_c, xom_teletrap_fun
D:2:      grunt_temple_overflow_open, uniq_sigmund

Skill      XL: |  1  2 |
---------------+-------+-----
Long Blades    | 3 4 |  4.5
Fighting       | |  2.0
Armour         | |  0.8
Dodging        | |  1.1
Spellcasting   | |  2.4
Charms         | |  3.6

Action                   || total
-------------------------++-------
Melee: Falchion          ||   103
       Unarmed           ||     1
 Cast: Infusion          ||     2
       Shroud of Golubri ||     4
       Song of Slaying   ||     2
  Use: Scroll            ||     6
Armor: Leather armour    ||    30
       Skin              ||     3
Dodge: Dodged            ||    55
